 Dungeon Crawl Stone Soup version 0.31-a0-940-gdaa99269f9 (webtiles) character file.

Game seed: 12151032916606138043

592 gelatine the Ruffian (level 7, -2/43 HPs)
             Began as an Octopode Shapeshifter on Oct 20, 2023.
             Killed from afar by Ijyb (19 damage)
             ... with a bolt of acid
             ... on level 4 of the Dungeon.
             The game lasted 00:07:30 (2881 turns).

gelatine the Ruffian (Octopode Shapeshifter)        Turns: 2881, Time: 00:07:30

Health: -2/43      AC: -3    Str: 15    XL:     7   Next: 39%
Magic:  16/16      EV: 13    Int: 13    God:
Gold:   224        SH:  0    Dex: 11    Spells: 6/6 levels left

rFire   . .          .
                       - Unarmed
rCold   . . .        (no shield)
rNeg    . . .        (helmet currently unavailable)
rPois   .            (no amulet)
rElec   .            f - ring of magical power
rCorr   .            (no ring)
SInv    .            (no ring)
Will    .....        (no ring)
Stlth   +++          (no ring)
HPRegen 0.27/turn    (no ring)
MPRegen 0.15/turn    (no ring)
                     (no ring)

%: no passive effects
@: beast-form, corroded
A: beast (slay +2), almost no armour, amphibious, 8 rings, camouflage 1,
gelatinous body 1, (nimble swimmer 1), tentacles
a: Begin Untransformation


You were on level 4 of the Dungeon.
You were a hulking beast.
You visited 1 branch of the dungeon, and saw 4 of its levels.

You collected 224 gold pieces.

Inventory:

Hand Weapons
 p - a +3 war axe
Missiles
 o - 2 poisoned darts (quivered)
Jewellery
 f - a ring of magical power (left tentacle)
Talismans
 b - a beast talisman (active)
 c - a flux talisman
 i - a dragon-blood talisman
Wands
 q - a wand of paralysis (1)
Scrolls
 d - 2 scrolls of immolation {unknown}
 e - a scroll of enchant armour {unknown}
 g - 2 scrolls of identify {unknown}
 j - a scroll of fog {unknown}
 k - a scroll of poison {unknown}
 l - 3 scrolls of fear {unknown}
Potions
 a - a potion of lignification
 h - a potion of degeneration {unknown}
 m - 2 potions of enlightenment {unknown}
 n - a potion of magic {unknown}
 r - a potion of haste {unknown}


   Skills:
 + Level 1.2 Fighting
 + Level 2.0 Throwing
 + Level 3.0 Dodging
 + Level 4.1 Stealth
 + Level 5.7 Unarmed Combat
 * Level 4.5 Shapeshifting


You had 6 spell levels left.
You didn't know any spells.
Your spell library contained the following spells:

 Spells                   Type           Power      Damage    Failure   Level
 Necrotise                Necr           0%         1d4       30%         1
 Poisonous Vapours        Pois/Air       0%         N/A       43%         2
 Mephitic Cloud           Conj/Pois/Air  0%         N/A       67%         3
 Ozocubu's Armour         Ice            0%         N/A       67%         3
 Stone Arrow              Conj/Erth      0%         3d7       67%         3
 Vampiric Draining        Necr           0%         2d6       67%         3
 Agony                    Necr           0%         N/A       100%        5
 Freezing Cloud           Conj/Ice/Air   0%         6-21      100%        5
 Ozocubu's Refrigeration  Ice            0%         4d7       100%        7
 Lehudib's Crystal Spear  Conj/Erth      0%         10d2      100%        8
 Animate Armour           Summ/Erth      Unusable   N/A       N/A         4

Dungeon Overview and Level Annotations

Branches:
Dungeon (4/15)
 Temple: D:4-7

Altars:
Makhleb
Nemelex Xobeh
Wu Jian

Annotations:
D:4 Ijyb


Innate Abilities, Weirdness & Mutations

You are a hulking beast.
Your limbs bulge with bestial killing power. (Slay +2)
You cannot wear most types of armour.
You are amphibious.
You can wear up to eight rings at the same time.
Your skin changes colour to match your surroundings (Stealth+).
Your rubbery body absorbs attacks. (AC +1, EV +1)
((You are camouflaged when in or above water. (Stealth+)))
You have tentacles for arms and can constrict up to eight enemies at once.


Message History

A goblin is nearby!
An adder comes into view.
You see here a poisoned dart.
You see here a poisoned dart.
The goblin hits you with a +0 dagger.
You tentacle-slap the goblin.
You kill the goblin!
You see here a +0 dagger.
Ijyb the Twisted Goblin comes into view.
She is wielding a +0 club and carrying a wand of acid.
The adder hisses angrily.
The adder bites you. The adder barely misses you.
You bludgeon the adder! Your grab misses the adder.
Your squeeze misses the adder.
The adder is heavily wounded.
The adder bites you.
You are poisoned.
The adder poisons you!
You completely miss the adder. Your grab misses the adder.
The adder is heavily wounded.
You feel sick. The adder closely misses you.
You bludgeon the adder!
You kill the adder!
You feel sick.
Your Dodging skill increases to level 3!
You feel sick.
You see here an adder corpse.
You feel sick.
You feel sick.
You feel sick.
You are no longer poisoned.
You see here 2 poisoned darts.
o - 2 poisoned darts You throw a poisoned dart.
The poisoned dart hits Ijyb.
Ijyb is poisoned.
Ijyb shouts!
Ijyb zaps a wand.
The bolt of acid hits you!! The acid corrodes you!
You see here a poisoned dart.
o - 2 poisoned darts (gained 1)
You are too injured to fight recklessly!
Ijyb zaps a wand.
The bolt of acid hits you!!
You die...

#.........
#..........
#...........
###...........
#..†.##(......
#............# .
##....g......... #.
#............... #_
#...h.......... ...+.
#...(..).....# ....#.
#####(.......#.......
#................
#................
#####...†.....# .....
#.............# .....
#........##...#......
#........##).........


You could see Ijyb (poisoned).

Vanquished Creatures
  Grinder (D:3)
  A black bear (D:4)
  A bullfrog (D:4)
  2 hounds
  An iguana (D:4)
  Terence (D:2)
  4 adders
  4 worms
  4 dart slugs
  6 orcs (D:3)
  7 ball pythons
  2 bats
  7 endoplasms
  2 giant cockroaches
  8 goblins
  5 hobgoblins
  3 jackals (D:1)
  2 quokkas
  2 frilled lizards
  5 kobolds
  5 rats
73 creatures vanquished.

Notes
Turn   | Place    | Note
-------+----------+-------------------------------------------
     0 | D:1      | gelatine the Octopode Shapeshifter began the quest for the
                  | Orb.
     0 | D:1      | Reached XP level 1. HP: 13/13 MP: 1/1
   234 | D:1      | Reached XP level 2. HP: 18/18 MP: 2/2
   773 | D:1      | Reached XP level 3. HP: 23/23 MP: 3/3
  1076 | D:2      | Reached skill level 1 in Stealth
  1323 | D:2      | Reached XP level 4. HP: 25/28 MP: 4/4
  1442 | D:2      | Noticed Terence
  1530 | D:2      | Killed Terence
  1531 | D:2      | Reached skill level 4 in Unarmed Combat
  1808 | D:3      | Reached XP level 5. HP: 23/33 MP: 5/5
  1943 | D:3      | Found a sparkling altar of Nemelex Xobeh.
  2139 | D:3      | Noticed Grinder
  2153 | D:3      | Killed Grinder
  2154 | D:3      | Reached skill level 1 in Throwing
  2154 | D:3      | Reached skill level 5 in Unarmed Combat
  2154 | D:3      | Reached XP level 6. HP: 9/38 MP: 6/6
  2437 | D:3      | Found an ornate altar of the Wu Jian Council.
  2570 | D:4      | Found a burning altar of Makhleb.
  2606 | D:4      | Noticed a black bear
  2622 | D:4      | Killed a black bear
  2623 | D:4      | Reached XP level 7. HP: 29/43 MP: 7/7
  2865 | D:4      | Noticed Ijyb
  2881 | D:4      | Killed from afar by Ijyb

Illustrated notes

Levels and vault maps discovered:
D:1:      saegor_arrival_simple_b, layout_basic, nicolae_titane
D:2:      cheibrodos_old_hovel, layout_basic, uniq_terence
D:3:      layout_basic, amcnicky_altar_gilded, nzn_wu_jian_council_hall,
          uniq_grinder
D:4:      layout_basic, overflow_temple_1_default, nicolae_vehumet_radiance,
          hex_tiny, kennysheep_cross_bottleneck, chequers_serial_rivers_large_b,
          uniq_ijyb, uniq_crazy_yiuf_cottage

Skill      XL: |  1  2  3  4  5  6  7 |
---------------+----------------------+-----
Stealth        | 1 2 3 4 |  4.1
Unarmed Combat | 4 5 |  5.7
Throwing       | 1 2 |  2.0
Shapeshifting  | 4 |  4.5
Dodging        | 3 |  3.0
Fighting       | |  1.2

Action                     |  1- 3 |  4- 6 |  7- 9 || total
---------------------------+-------+-------+-------++-------
  Melee: Unarmed           |    52 |    64 |    21 ||   137
         Constrict         |    15 |    21 |     2 ||    38
         Tentacles         |    12 |    12 |     1 ||    25
         Punch             |       |     6 |       ||     6
  Throw: Dart              |       |    20 |    12 ||    32
   Stab: Sleeping          |     6 |     5 |       ||    11
 Armour: Skin              |    22 |    26 |    11 ||    59
  Dodge: Dodged            |    19 |    19 |    11 ||    49

Table legend: (Time is in decaauts)
 A = Elapsed time spent in this place.
 B = Non-inter-level travel time spent in this place.
 C = Inter-level travel time spent in this place.
 D = Time resting spent in this place.
 E = Time spent auto-exploring this place.
 F = Levels seen in this place.
 G = Mean time per level.
                   A        B        C        D        E       F      G
               +--------+--------+--------+--------+--------+-----+--------+
         Total |   2868 |   2717 |    151 |      0 |   2048 |   4 |  717.0 |
       Dungeon |   2868 |   2717 |    151 |      0 |   2048 |   4 |  717.0 |
               +--------+--------+--------+--------+--------+-----+--------+

Top non-repeatable levels by time:
     D:1: 957 daAuts
     D:2: 804 daAuts
     D:3: 782 daAuts
     D:4: 325 daAuts
